 Dungeon Crawl Stone Soup version 0.30.1-11-g7821555f0a (webtiles) character file.

Game seed: 5972149434547397937

11106 cowcol the Severer (level 11, -3/99 HPs)
             Began as a Minotaur Fighter on Jan 12, 2024.
             Was an Elder of Okawaru.
             Slain by a tentacled starspawn (19 damage)
             ... on level 1 of the Abyss.
             The game lasted 00:34:54 (12112 turns).

cowcol the Severer (Minotaur Fighter)              Turns: 12112, Time: 00:34:54

Health: -3/99      AC: 24    Str: 28    XL:     11   Next: 44%
Magic:  0/11       EV:  4    Int:  7    God:    Okawaru [****..]
Gold:   227        SH:  0    Dex: 16    Spells: 10/10 levels left

rFire   . . .        P - +5 war axe
rCold   . . .        S - +1 kite shield
rNeg    . . .        D - +0 plate armour
rPois   .            (helmet restricted)
rElec   .            J - +2 cloak
rCorr   .            d - +2 pair of gloves
SInv    .            Y - +1 pair of boots of the Moon {Rampage}
Will    +....        V - amulet of Vidokull {Spirit Str+5} Stlth
                     w - +6 ring of dexterity
HPRegen 0.36/turn    M - ring of willpower
MPRegen 0.12/turn

%: guardian spirit, rampage
@: confused, about to teleport, ambrosia-drunk, constricted
A: horns 2, retaliatory headbutt
a: Renounce Religion, Heroism, Finesse


You were on level 1 of the Abyss.
You worshipped Okawaru.
Okawaru was greatly pleased with you.
You visited 2 branches of the dungeon, and saw 11 of its levels.
You visited the Abyss 1 time.

You collected 866 gold pieces.
You spent 639 gold pieces at shops.

Inventory:

Hand Weapons
 k - a +0 battleaxe
 v - a +0 shortbow
 P - a +5 war axe (weapon)
 Q - a +5 morningstar
Missiles
 F - 15 poisoned darts (quivered)
 L - a throwing net
 O - 11 boomerangs
Armour
 b - a +0 scale mail
 c - a +0 buckler
 d - a +2 pair of gloves (worn)
 D - a +0 plate armour (worn)
 E - a +0 chain mail
 J - a +2 cloak (worn)
 S - a +1 kite shield (worn)
 Y - the +1 pair of boots of the Moon (worn) {Rampage}
   (You bought it in a shop on level 10 of the Dungeon)

   Rampage:   It bestows one free step when moving towards enemies.
Jewellery
 w - a +6 ring of dexterity (left hand)
 y - a ring of fire
 A - a ring of protection from fire
 B - a ring of fire
 M - a ring of willpower (right hand)
 N - a ring of ice
 U - a ring of positive energy
 V - the amulet of Vidokull (around neck) {Spirit Str+5}
   (You found it on level 8 of the Dungeon)

   [amulet of guardian spirit]

   It causes incoming damage to be divided between your reserves of health and
   magic.
   Str:       It affects your strength (+5).
 W - an amulet of magic regeneration
 X - a ring of willpower
Wands
 n - a wand of polymorph (7)
 q - a wand of flame (34)
 z - a wand of mindburst (19)
 I - a wand of acid (19)
 R - a wand of digging (4)
Scrolls
 g - a scroll of fear
 h - 3 scrolls of magic mapping
 i - 3 scrolls of vulnerability
 m - a scroll of teleportation
 r - 3 scrolls of acquirement {unknown}
 t - a scroll of fog
 K - a scroll of amnesia {unknown}
Potions
 e - 5 potions of curing
 f - 3 potions of ambrosia
 j - a potion of brilliance {unknown}
 l - 3 potions of flight
 o - a potion of resistance {unknown}
 p - 2 potions of might
 u - a potion of attraction {unknown}
 C - a potion of cancellation {unknown}
 G - a potion of heal wounds
 H - a potion of magic {unknown}
 T - a potion of invisibility {unknown}
 Z - a potion of lignification {unknown}


   Skills:
 + Level 9.8 Fighting
 + Level 15.0 Axes
 - Level 2.0 Ranged Weapons
 + Level 2.4 Throwing
 + Level 11.6 Armour
 - Level 6.0 Shields
 + Level 1.6 Invocations
 + Level 0.1 Evocations


You had 10 spell levels left.
You didn't know any spells.
Your spell library contained the following spells:

 Spells                   Type           Power      Damage    Failure   Level
 Kiss of Death            Conj/Necr      0%         2d5       99%         1
 Confusing Touch          Hex            0%         N/A       100%        3
 Vhi's Electric Charge    Tloc/Air       0%         N/A       100%        3
 Dispel Undead            Necr           0%         3d6       100%        4
 Arcjolt                  Conj/Air       0%         1d10      100%        5
 Borgnjor's Revivificati  Necr           0%         N/A       100%        8
 Maxwell's Capacitive Co  Air            0%         ∞         100%        8
 Necromutation            Tmut/Necr      0%         N/A       100%        8
 Death's Door             Necr           0%         N/A       100%        9


Dungeon Overview and Level Annotations

Branches:
Dungeon (10/15)            Temple (1/1) D:6            Lair (0/5) D:9
    Orc (0/2) D:10

Altars:
Ashenzari
Cheibriados
Dithmenos
Elyvilon
Hepliaklqana
Kikubaaqudgha
Nemelex Xobeh
Okawaru
Sif Muna
Wu Jian
Xom
Yredelemnul

Shops:
D:2 !   D:5 !=   D:10 ([


Innate Abilities, Weirdness & Mutations

You have a pair of horns on your head.
You reflexively headbutt those who attack you in melee.


Message History

Press: ? - help, Dir - move target You escape the starspawn tentacle's grasp.
Oops!
There was something there already!
You blink.
As you read the scroll of blinking, it crumbles to dust.
You block the starspawn tentacle's attack.
As you read the scroll of teleportation, it crumbles to dust.
You feel strangely unstable.
You feel the power of the Abyss delaying your translocation!
The starspawn tentacle closely misses you.
You furiously retaliate!
You headbutt the starspawn tentacle! The starspawn tentacle grabs you.
The starspawn tentacle constricts you.
You escape the starspawn tentacle's grasp.
The tentacled starspawn bites you.
* * * LOW HITPOINT WARNING * * *
The tentacled starspawn barely misses you.
The starspawn tentacle grabs you. The starspawn tentacle constricts you.
* * * LOW HITPOINT WARNING * * *
The flying skull hits you.
* * * LOW HITPOINT WARNING * * *
2 starspawn tentacle segments come into view.
You hit the starspawn tentacle.
The starspawn tentacle is lightly damaged.
You barely miss the tentacled starspawn.
The starspawn tentacle loses its grip on you.
You closely miss the flying skull.
You hit the starspawn tentacle segment but do no damage.
You hit the starspawn tentacle but do no damage.
You slash the starspawn tentacle segment!
You block the flying skull's attack.
You block the tentacled starspawn's attack.
The tentacled starspawn tentacle-slaps you.
* * * LOW HITPOINT WARNING * * *
You block the starspawn tentacle's attack.
The starspawn tentacle grabs you.
The starspawn tentacle constricts you. 2 starspawn tentacle segments come into view.
You are confused.
You feel invigorated. The flying skull hits you.
The tentacled starspawn bites you!!
You die...

. # #..#. #######
# #......... . .
. .# #.# .... ..
.#. ..
.................
. ... ...#'#### .
.......#....## ..
....#.....#
#.......#..zΛx#
#.. ..> #..│@X#
#.......#..ww.#
..#...#..#..##
#......# #
#......# ########


You could see a tentacled starspawn, a small abomination, 2 starspawn tentacles
and a flying skull (summoned).

Vanquished Creatures
  An Executioner (Abyss:1)
  2 two-headed ogres
  Pikel (D:8)
  A smoke demon (Abyss:1)
  Joseph (D:7)
  Prince Ribbit (D:5)
  21 yaks
  A wyvern (D:8)
  2 steam dragons (D:8)
  A water moccasin (D:5)
  An acid dragon (D:10)
  2 black bears
  5 orc warriors
  An ice beast (D:6)
  2 ogres
  3 centaurs
  A phantom (D:6)
  A kobold brigand (D:9)
  Blork the orc (D:4)
  A gnoll sergeant (D:8)
  2 bullfrogs
  18 wights
  4 killer bees (D:8)
  7 howler monkeys
  A jelly (D:7)
  4 orc priests
  4 hounds
  2 sleepcaps
  Jessica (D:2)
  Natasha (thrice) (D:4)
  4 iguanas
  10 orc wizards
  11 gnolls
  7 adders
  A shadow imp (D:7)
  A white imp (D:6)
  An ufetubus (D:6)
  2 worms (D:3)
  2 dart slugs
  40 orcs
  2 ball pythons
  4 bats
  7 endoplasms
  3 giant cockroaches
  7 goblins
  3 hobgoblins
  4 quokkas
  A frilled lizard (D:2)
  9 kobolds
  6 rats
221 creatures vanquished.

Vanquished Creatures (others)
  A lurking horror (Abyss:1)
  3 starspawn tentacles (Abyss:1)
4 creatures vanquished.

Grand Total: 225 creatures vanquished

Notes
Turn   | Place    | Note
-------+----------+-------------------------------------------
     0 | D:1      | cowcol the Minotaur Fighter began the quest for the Orb.
     0 | D:1      | Reached XP level 1. HP: 19/19 MP: 0/0
   321 | D:1      | Reached XP level 2. HP: 27/27 MP: 1/1
   841 | D:2      | Found Ikket's Distillery.
   951 | D:2      | Noticed Jessica
   958 | D:2      | Killed Jessica
   959 | D:2      | Reached skill level 3 in Axes
   959 | D:2      | Reached XP level 3. HP: 11/33 MP: 2/2
  1568 | D:2      | Bought a potion of heal wounds for 50 gold pieces
  1938 | D:3      | Reached XP level 4. HP: 37/40 MP: 3/3
  1998 | D:3      | Reached skill level 4 in Axes
  2010 | D:3      | Reached skill level 5 in Armour
  2010 | D:3      | Reached XP level 5. HP: 22/47 MP: 4/4
  2345 | D:3      | Noticed a black bear
  2356 | D:3      | Killed a black bear
  2357 | D:3      | Reached skill level 5 in Axes
  2357 | D:3      | Reached skill level 1 in Throwing
  2792 | D:4      | Noticed Blork the orc
  2799 | D:4      | Killed Blork the orc
  2800 | D:4      | Reached XP level 6. HP: 36/55 MP: 5/5
  2835 | D:4      | Reached skill level 5 in Fighting
  2927 | D:4      | Reached skill level 6 in Axes
  3053 | D:4      | Noticed Natasha
  3055 | D:4      | Killed Natasha
  3367 | D:4      | Noticed Natasha
  3373 | D:4      | Killed Natasha
  3406 | D:4      | Noticed Natasha
  3415 | D:4      | Killed Natasha
  3546 | D:4      | Reached XP level 7. HP: 50/61 MP: 6/6
  3803 | D:5      | Entered Level 5 of the Dungeon
  3852 | D:5      | Noticed Prince Ribbit
  3908 | D:5      | Killed Prince Ribbit
  3909 | D:5      | Reached skill level 7 in Axes
  3986 | D:5      | Found Cuepui's Jewellery Shop.
  4126 | D:5      | Found Haidwenu's Distillery.
  4803 | D:6      | Reached XP level 8. HP: 70/70 MP: 7/7
  4814 | D:6      | Reached skill level 8 in Axes
  5221 | D:5      | Reached skill level 9 in Axes
  5308 | D:6      | Found a staircase to the Ecumenical Temple.
  5328 | Temple   | Entered the Ecumenical Temple
  5335 | Temple   | Became a worshipper of Warmaster Okawaru
  5579 | D:6      | Reached skill level 10 in Axes
  6089 | D:6      | Reached XP level 9. HP: 64/79 MP: 8/8
  6627 | D:7      | Reached * piety under Okawaru
  6800 | D:7      | Noticed Joseph
  6815 | D:7      | Killed Joseph
  6816 | D:7      | Reached skill level 11 in Axes
  6816 | D:7      | Reached skill level 1 in Ranged Weapons
  7398 | D:5      | Bought a ring of willpower for 325 gold pieces
  8473 | D:8      | Reached skill level 12 in Axes
  8923 | D:8      | Found a shimmering altar of Xom.
  8924 | D:8      | Found a hazy altar of Hepliaklqana.
  8926 | D:8      | Noticed a spectral ugly thing
  8949 | D:8      | Noticed a two-headed ogre
  8958 | D:8      | Killed a two-headed ogre
  8958 | D:8      | Reached ** piety under Okawaru
  8959 | D:8      | Reached skill level 10 in Armour
  8959 | D:8      | Reached XP level 10. HP: 52/88 MP: 9/9
  9329 | D:8      | Reached skill level 1 in Invocations
  9451 | D:8      | Reached skill level 13 in Axes
  9651 | D:8      | Identified the amulet of Vidokull {Spirit Str+5}
  9661 | D:8      | Noticed Pikel
  9670 | D:8      | Killed Pikel
  9670 | D:8      | Reached *** piety under Okawaru
  9888 | D:8      | Reached skill level 5 in Shields
 10370 | D:9      | Reached **** piety under Okawaru
 10634 | D:9      | Identified the +9 chain mail "Veughaox" {Drain rElec rC+}
 10816 | D:9      | Found a staircase to the Lair.
 10842 | D:9      | Noticed a two-headed ogre
 10851 | D:9      | Killed a two-headed ogre
 10852 | D:9      | Reached skill level 14 in Axes
 10924 | D:9      | Reached XP level 11. HP: 97/97 MP: 11/11
 11380 | D:10     | Entered Level 10 of the Dungeon
 11685 | D:10     | Found Kousum's Weapon Emporium.
 11685 | D:10     | Found a staircase to the Orcish Mines.
 11728 | D:10     | Found Xakyre Jera's Armour Emporium.
 11773 | D:10     | Bought the +1 pair of boots of the Moon {Rampage} for 264
                  | gold pieces
 11910 | Abyss:1  | Cast into level 1 of the Abyss (gnoll)
 11921 | Abyss:1  | Found a corrupted altar of Lugonu.
 11954 | Abyss:1  | Noticed an Executioner
 11965 | Abyss:1  | Killed an Executioner
 11965 | Abyss:1  | Received a gift from Okawaru
 11979 | Abyss:1  | Found a corrupted altar of Lugonu.
 11998 | Abyss:1  | Found a corrupted altar of Lugonu.
 12026 | Abyss:1  | Reached skill level 15 in Axes
 12028 | Abyss:1  | Noticed a cyan very ugly thing
 12046 | Abyss:1  | Noticed a vampire mage
 12081 | Abyss:1  | Noticed a tentacled starspawn
 12112 | Abyss:1  | Slain by a tentacled starspawn

Illustrated notes

Levels and vault maps discovered:
D:1:      minmay_arrival_up_and_down, layout_basic
D:2:      layout_rooms, serial_shops, shop, uniq_jessica
D:3:      layout_loops_ring, minmay_misc_feat_five
D:4:      layout_basic, st_stairs_8, chequers_serial_rivers_room_a,
          uniq_natasha, uniq_blork_the_orc
D:5:      layout_rooms, serial_shops, shop, shop, serial_bayou,
          serial_bayou_ford_a, serial_bayou_lake_a, serial_bayou_pond_e,
          serial_bayou_pond_e, uniq_prince_ribbit1
D:6:      layout_rooms, minmay_temple_entry_glass
D:7:      layout_rooms, uniq_joseph
D:8:      layout_basic, regret_index_temple_of_mockery, uniq_pikel
D:9:      layout_gridville, lair_entry_dummy, grunt_ministairs_13,
          nicolae_benzene_ring, minmay_misc_feat_secret_circle,
          palyth_stone_intersect
D:10:     layout_irregular_city, nicolae_overflow_hallway_of_the_gods,
          orc_david_3
Temple:   hellmonk_temple_micro_hex
Abyss:1:  base:
D:10

Skill      XL: |  1  2  3  4  5  6  7  8  9 10 11 |
---------------+----------------------------------+-----
Armour         | 4 5 6 7 8 10 11 | 11.6
Shields        | 4 5 6 |  6.0
Fighting       | 4 5 6 7 8 9 |  9.8
Axes           | 3 4 5 6 7 10 12 14 15 | 15.0
Throwing       | 1 2 |  2.4
Ranged Weapons | 2 |  2.0
Invocations    | 1 |  1.6
Evocations     | |  0.1

Action                     |  1- 3 |  4- 6 |  7- 9 | 10-12 || total
---------------------------+-------+-------+-------+-------++-------
  Melee: War axe           |    74 |    75 |   270 |   180 ||   599
         Headbutt          |     9 |     8 |    48 |    29 ||    94
  Throw: Dart              |       |     7 |    23 |    16 ||    46
 Invoke: Heroism           |       |       |     3 |     6 ||     9
  Evoke: Wand              |       |       |     1 |       ||     1
    Use: Scroll            |     2 |     1 |     7 |    16 ||    26
         Potion            |       |     3 |       |     2 ||     5
 Armour: Scale mail        |    33 |    46 |    30 |       ||   109
         Chain mail        |       |       |    73 |       ||    73
         Plate armour      |       |       |    13 |    99 ||   112
  Dodge: Dodged            |    27 |    49 |    93 |    76 ||   245
  Block: Buckler           |    18 |    19 |    56 |       ||    93
         Kite shield       |       |       |     6 |   133 ||   139
